 Dungeon Crawl Stone Soup version 0.26-a0-579-g3afe4966bf (webtiles) character file.

Game seed: 12132145983067666429

80472 ANON1729 the Warrior (level 15, -33/132 HPs)
             Began as a Demonspawn Delver on Aug 23, 2020.
             Was the Champion of Dithmenos.
             Annihilated by a +2 bardiche of holy wrath (46 damage)
             ... on level 2 of the Elven Halls.
             The game lasted 01:43:25 (29060 turns).

ANON1729 the Warrior (Demonspawn Delver)           Turns: 29060, Time: 01:43:25

Health: -33/132    AC: 19    Str: 15    XL:     15   Next: 23%
Magic:  18/18      EV: 29    Int: 14    God:    Dithmenos [******]
Gold:   2167       SH:  5    Dex: 20    Spells: 16/18 levels left

rFire    + + .     SeeInvis +   N - +6 demon blade (protect)
rCold    . . .     Faith    .   (no shield)
rNeg     . . .     Spirit   .   C - +2 leather armour {MR+}
rPois    +         Reflect  +   J - +2 helmet
rElec    .         Harm     .   r - +0 cloak
rCorr    .                      (no gloves)
MR       ++...                  S - +2 pair of boots {Stlth+}
Stlth    +++++++...             R - amulet of reflection
HPRegen  0.32/turn              u - +6 ring of dexterity
MPRegen  0.16/turn              O - ring of Coblaih {+Blink +Fly rPois rF+ Dex-2 SInv}

@: protection aura, wreathed by umbra, repel missiles
A: talons 1, repulsion field 3, fire resistance 1, spiny 2
a: Shadow Step, Shadow Form, Renounce Religion, Evoke Blink, Evoke Flight


You were on level 2 of the Elven Halls.
You worshipped Dithmenos.
Dithmenos was exalted by your worship.
You visited 5 branches of the dungeon, and saw 21 of its levels.
You also visited: Sewer and Bailey.

You collected 3728 gold pieces.
You spent 1561 gold pieces at shops.

Inventory:

Hand Weapons
 F - a +0 scimitar of flaming
 N - a +6 demon blade of protection (weapon)
Missiles
 L - 78 boomerangs (quivered)
Armour
 r - a +0 cloak (worn)
 C - a +2 leather armour of magic resistance (worn)
 J - a +2 helmet (worn)
 S - a +2 pair of boots of stealth (worn)
Jewellery
 p - the ring of the Establishment {Fire Dex+2}
   (You found it on level 5 of the Dungeon)

   [ring of fire]

   It enhances your fire magic.
   It affects your dexterity (+2).
   It protects you from fire.
   It makes you vulnerable to cold.
 u - a +6 ring of dexterity (left hand)
 M - an uncursed amulet of regeneration
 O - the ring of Coblaih (right hand) {+Blink +Fly rPois rF+ Dex-2 SInv}
   (You bought it in a shop on level 2 of the Elven Halls)

   [ring of protection from fire]

   It affects your dexterity (-2).
   It protects you from fire.
   It protects you from poison.
   It lets you see invisible.
   It lets you fly.
   It lets you blink.
 R - an amulet of reflection (around neck)
 V - an uncursed ring of stealth
 Z - an uncursed ring of flight
Wands
 g - a wand of digging (2)
 D - a wand of iceblast (12)
 T - a wand of acid (7)
 X - a wand of polymorph (8)
Scrolls
 a - 4 scrolls of fear
 c - 6 scrolls of fog
 d - 3 scrolls of magic mapping
 h - 11 scrolls of teleportation
 m - 2 scrolls of vulnerability
 o - 8 scrolls of enchant armour
 v - 11 scrolls of remove curse
 y - 5 scrolls of immolation
 z - a scroll of torment {unknown}
 B - a scroll of blinking
 G - 3 scrolls of amnesia
 H - 2 scrolls of holy word
 Q - a scroll of noise {unknown}
 U - a scroll of random uselessness {unknown}
Potions
 b - 5 potions of stabbing {unknown}
 e - 3 potions of heal wounds
 f - 5 potions of brilliance
 i - a potion of flight
 j - 4 potions of curing
 k - 2 potions of might
 l - a potion of cancellation {unknown}
 n - 3 potions of berserk rage {unknown}
 q - 3 potions of invisibility {unknown}
 s - a potion of lignification
 t - 4 potions of magic {unknown}
 x - 2 potions of haste
 A - a potion of resistance {unknown}
 K - 2 potions of mutation {unknown}
 P - a potion of experience {unknown}


   Skills:
 * Level 16.5 Fighting
 + Level 11.3 Long Blades
 * Level 15.3 Dodging
 - Level 5.0 Stealth
 - Level 2.0 Spellcasting
 - Level 2.0 Necromancy
 - Level 2.0 Translocations


You had 16 spell levels left.
You knew the following spells:

 Your Spells              Type           Power        Failure   Level
a - Apportation           Tloc           #.....       13%         1
b - Animate Skeleton      Necr           #.....       13%         1

Your spell library contained the following spells:

 Spells                   Type           Power        Failure   Level
 Beastly Appendage        Tmut           #.....       28%         1
 Corona                   Hex            #......      28%         1
 Freeze                   Ice            #...         28%         1
 Summon Small Mammal      Summ           #...         28%         1
 Call Imp                 Summ           #.......     41%         2
 Poisonous Vapours        Pois/Air       #.....       41%         2
 Slow                     Hex            #.......     41%         2
 Wereblood                Tmut           #.......     41%         2
 Portal Projectile        Hex/Tloc       #.....       50%         3
 Call Canine Familiar     Summ           #.......     65%         3
 Conjure Flame            Conj/Fire      #.......     65%         3
 Frozen Ramparts          Ice            #.....       65%         3
 Inner Flame              Hex/Fire       #.......     65%         3
 Mephitic Cloud           Conj/Pois/Air  #.......     65%         3
 Ozocubu's Armour         Ice            #.......     65%         3
 Spider Form              Tmut/Pois      #.........   65%         3
 Summon Guardian Golem    Hex/Summ       #.......     65%         3
 Cause Fear               Hex            #.........   96%         4
 Hailstorm                Conj/Ice       #.......     96%         4
 Ice Form                 Ice/Tmut       #.......     96%         4
 Leda's Liquefaction      Hex/Erth       #.........   96%         4
 Summon Ice Beast         Ice/Summ       #.......     96%         4
 Summon Lightning Spire   Summ/Air       #.......     96%         4
 Blade Hands              Tmut           #.........   100%        5
 Freezing Cloud           Conj/Ice/Air   #.........   100%        6


Dungeon Overview and Level Annotations

Branches:
Dungeon (15/15)            Temple (1/1) D:6            Lair (1/6) D:10
    Orc (2/2) D:12            Elf (2/3) Orc:2        Vaults (0/5) D:13
 Depths (0/5) D:15          Sewer (visited)          Bailey (visited)

Altars:
Ashenzari
Cheibriados
Dithmenos
Elyvilon
Fedhas
Gozag
Hepliaklqana
Kikubaaqudgha
Makhleb
Nemelex Xobeh
Okawaru
Qazlal
Ru
Sif Muna
Trog
Uskayaw
Vehumet
Wu Jian
Xom
Yredelemnul
Zin
The Shining One
Beogh

Shops:
Orc:2 }(}*   Elf:2 =*?=(

Annotations:
D:3 exclusion: downstairs
D:4 1 runed translucent door, Askman's ghost, amateur DsBr
D:9 exclusion: two-headed ogre
D:11 exclusions: hydra and ugly thing
D:13 exclusion: hydra
Lair:1 exclusion: hydra
Elf:2 3 runed translucent doors, exclusion: 3 doors


Innate Abilities, Weirdness & Mutations

You have sharp toenails.
You are surrounded by a strong repulsion field. (EV +4, RMsl)
Your flesh is heat resistant. (rF+)
You are mostly covered in sharp spines.


Message History

Your shadow hits the +2 bardiche of holy wrath but does no damage.
The +2 bardiche of holy wrath completely misses you.
You miss the +2 bardiche of holy wrath.
The +2 bardiche of holy wrath is lightly damaged.
Your shadow closely misses the +2 bardiche of holy wrath.
You hit the +2 bardiche of holy wrath.
The +2 bardiche of holy wrath is lightly damaged.
Your shadow closely misses the +2 bardiche of holy wrath.
The +2 bardiche of holy wrath hits you!!
You convulse!!
You are too injured to fight recklessly!
Evoke which item? (* to show all) (? for menu, Esc to quit)
Aiming: Corrosive Bolt
Press: ? - help, Shift-Dir - straight line, f - +2 bardiche of holy wrath
Aim: a +2 bardiche of holy wrath (lightly damaged, umbra)
The bolt of acid misses the +2 bardiche of holy wrath.
The +2 bardiche of holy wrath hits you!!
* * * LOW HITPOINT WARNING * * *
You convulse!!!
You die...

..# ##.).## #.# ..#
##.....## #.# .##
#.......# #.# ##
######### ### ### ###
### #####
##.####.####.####...###
#...##...##...##......#
.................(e...##
..#.............@#)....#
.###............###(..##
## ##..........## ##e.#
.###...........# ...#
..#.............# ...#
................# ..##
................. .(#
............... .e(
.............. ...


You could see a deep elf mage and a +2 bardiche of holy wrath.

Vanquished Creatures
  A deep elf blademaster (Elf:2)
  A stone giant (Orc:1)
  Azrael (Elf:1)
  A deep elf demonologist (Elf:1)
  A catoblepas (D:15)
  2 centaur warriors (D:15)
  19 dancing weapons
  3 two-headed ogres
  An ogre mage (D:13)
  2 tengu warriors
  A vampire mage (D:15)
  10 deep elf knights
  3 unseen horrors
  A skeletal warrior (D:15)
  Pikel (D:5)
  30 deep elf magi
  14 deep elf archers
  A necromancer (D:15)
  6 orc knights
  A cyclops (D:13)
  An ugly thing (D:12)
  8 orc sorcerers
  Joseph (D:9)
  A black mamba (Lair:1)
  A spriggan zombie (D:15)
  A gargoyle (D:11)
  6 centaur skeletons
  A rime drake (Lair:1)
  2 kobold demonologists (D:12)
  6 komodo dragons
  A yaktaur skeleton (D:15)
  2 tengu conjurers
  3 trolls
  7 hippogriffs
  2 water elementals
  A shadow (D:13)
  2 wyverns
  A deep troll skeleton (D:15)
  3 air elementals
  2 wraiths
  4 fire elementals (Elf:1)
  15 yaks
  A basilisk (D:12)
  3 vampire mosquitoes (D:13)
  9 wargs
  A steam dragon (D:14)
  An acid dragon (D:10)
  4 water moccasins
  3 hell hounds (Elf:1)
  A meliai simulacrum (D:14)
  A swamp drake (D:12)
  17 orc warriors
  3 sky beasts
  3 ice beasts
  4 phantoms
  12 centaurs
  11 ogres
  5 wolves (Lair:1)
  7 crocodiles
  7 big kobolds
  7 bullfrogs
  3 earth elementals (Elf:1)
  A wyvern skeleton (D:8)
  5 scorpions
  A water moccasin skeleton (D:7)
  18 killer bees
  5 wights (D:10)
  6 howler monkeys
  A centaur zombie (D:9)
  8 hounds
  A bullfrog zombie (D:7)
  4 jellies
  41 orc wizards
  21 orc priests
  3 bullfrog skeletons
  2 iguanas
  8 worker ants
  A killer bee zombie (D:8)
  2 hound skeletons
  2 hound zombies
  9 adders
  7 gnolls
  2 howler monkey skeletons
  3 shadow imps
  2 white imps
  2 ufetubi (D:5)
  3 oozes
  An adder skeleton (D:5)
  5 worms
  2 dart slugs
  6 leopard geckos
  131 orcs
  9 giant cockroaches
  15 goblins
  18 hobgoblins
  5 jackals
  49 kobolds
  6 quokkas
  A ball python (Sewer)
  11 bats
  7 frilled lizards
  A leopard gecko skeleton (D:4)
  A quokka zombie (D:8)
  18 rats
718 creatures vanquished.

Vanquished Creatures (others)
  3 orc wizards
  2 orcs (Orc:2)
  2 fungi
  7 plants
  14 withered plants (D:15)
28 creatures vanquished.

Grand Total: 746 creatures vanquished

Notes
Turn   | Place    | Note
-------+----------+-------------------------------------------
     0 | D:5      | ANON1729 the Demonspawn Delver began the quest for the Orb.
     0 | D:5      | Reached XP level 1. HP: 18/18 MP: 1/1
     5 | D:5      | Noticed a centaur
    29 | D:5      | Noticed a worker ant
    57 | D:5      | Noticed a jelly
   100 | D:6      | Noticed a hound
   186 | D:6      | Noticed an iguana
   197 | D:5      | Found a glowing drain.
   197 | D:5      | Noticed a worker ant
   219 | D:5      | Killed a worker ant
   219 | D:5      | Gained mutation: Your flesh is heat resistant. (rF+)
                  | [demonic ancestry]
   219 | D:5      | Reached XP level 2. HP: 5/24 MP: 2/2
   232 | D:5      | HP: 1/24 [poisoned by a worker ant]
   236 | D:5      | Gained mutation: You are partially covered in sharp spines.
                  | [demonic ancestry]
   236 | D:5      | Reached XP level 3. HP: 2/29 MP: 3/3
   238 | D:5      | HP: 1/29 [poisoned by a worker ant]
   550 | Sewer    | Entered a sewer
   566 | Sewer    | Noticed a big kobold
   772 | Sewer    | Noticed a big kobold
   820 | Sewer    | Killed a big kobold
   820 | Sewer    | Reached skill level 4 in Fighting
   820 | Sewer    | Reached skill level 5 in Stealth
   820 | Sewer    | Gained mutation: You are surrounded by a mild repulsion
                  | field. (EV +2) [demonic ancestry]
   820 | Sewer    | Reached XP level 4. HP: 19/37 MP: 4/4
   982 | Sewer    | Noticed a big kobold
  1016 | Sewer    | Killed a big kobold
  1016 | Sewer    | HP: 1/37 [kobold/exploding inner flame[the player
                  | character] (20)]
  1016 | Sewer    | Reached XP level 5. HP: 1/43 MP: 5/5
  1780 | D:5      | Found a glowing silver altar of Zin.
  1782 | D:5      | Gained mutation: You are surrounded by a moderate repulsion
                  | field. (EV +3) [demonic ancestry]
  1782 | D:5      | Reached XP level 6. HP: 49/49 MP: 6/6
  1785 | D:5      | Found a burning altar of Makhleb.
  1786 | D:5      | Noticed a blizzard demon
  1786 | D:5      | Noticed an angel
  1797 | D:5      | Noticed Pikel
  2278 | D:4      | Found a stormy altar of Qazlal.
  2278 | D:4      | Found a shimmering blue altar of Sif Muna.
  2286 | D:4      | Found a sacrificial altar of Ru.
  2289 | D:4      | Found an ancient bone altar of Kikubaaqudgha.
  2291 | D:4      | Found a shimmering altar of Xom.
  2614 | D:4      | Reached skill level 5 in Fighting
  2748 | D:4      | Found a blossoming altar of Fedhas.
  2765 | D:4      | Found a runed translucent door.
  2771 | D:4      | Noticed Askman's ghost (amateur DsBr)
  3174 | D:4      | Reached XP level 7. HP: 52/56 MP: 7/7
  3380 | D:5      | Learned a level 1 spell: Apportation
  3399 | D:5      | Got a transparent lapis lazuli ring
  3409 | D:5      | Identified the ring of the Establishment {Fire Dex+2} (You
                  | found it on level 5 of the Dungeon)
  4055 | D:3      | Reached skill level 6 in Fighting
  4058 | D:3      | Reached skill level 5 in Dodging
  5740 | D:3      | Gained mutation: You have sharp toenails. [demonic
                  | ancestry]
  5740 | D:3      | Reached XP level 8. HP: 33/65 MP: 8/8
  6709 | D:5      | Killed Pikel
  6709 | D:5      | Reached skill level 7 in Fighting
  7099 | D:5      | Reached skill level 5 in Long Blades
  7225 | D:5      | Gained mutation: You are mostly covered in sharp spines.
                  | [demonic ancestry]
  7225 | D:5      | Reached XP level 9. HP: 74/74 MP: 9/9
  7292 | D:5      | Reached skill level 8 in Fighting
  7545 | D:6      | Found a staircase to the Ecumenical Temple.
  7557 | Temple   | Entered the Ecumenical Temple
  7767 | Temple   | Became a worshipper of Dithmenos the Shadowed
  8301 | D:7      | Found a shattered altar of Ashenzari.
  8630 | D:7      | Reached skill level 9 in Fighting
  8989 | D:7      | Reached * piety under Dithmenos
  9135 | D:7      | HP: 3/76 [orc warrior/+2 trident of distortion (17)]
  9657 | D:8      | Noticed a two-headed ogre
  9755 | D:8      | Found a hide-covered altar of Uskayaw.
  9852 | D:8      | Reached XP level 10. HP: 83/83 MP: 10/10
  9982 | D:9      | Noticed Joseph
  9990 | D:9      | Reached ** piety under Dithmenos
  9994 | D:9      | Killed Joseph
 10173 | D:9      | Found an ornate altar of the Wu Jian Council.
 10234 | D:9      | Reached skill level 10 in Fighting
 10368 | D:9      | Found a radiant altar of Vehumet.
 10502 | D:9      | Noticed a two-headed ogre
 10615 | D:9      | Found a blossoming altar of Fedhas.
 10783 | D:10     | Entered Level 10 of the Dungeon
 11153 | D:10     | Reached *** piety under Dithmenos
 11336 | D:10     | Noticed a six-headed hydra
 11639 | D:10     | Found a shadowy altar of Dithmenos.
 12160 | D:10     | Reached skill level 11 in Fighting
 12163 | D:10     | Noticed a two-headed ogre
 12675 | D:11     | Noticed a cyan ugly thing
 12736 | D:11     | Found a flagged portal.
 12769 | Bailey   | Entered a bailey
 12774 | Bailey   | Noticed an orc warlord
 12851 | Bailey   | Reached skill level 10 in Dodging
 12852 | Bailey   | Noticed an orc knight
 12870 | Bailey   | Killed an orc knight
 12870 | Bailey   | Reached **** piety under Dithmenos
 12870 | Bailey   | Reached XP level 11. HP: 70/93 MP: 7/11
 12970 | Bailey   | Found a runed translucent gate.
 12970 | Bailey   | Found a runed translucent gate.
 12979 | Bailey   | Found a runed translucent gate.
 12986 | Bailey   | Noticed an orc knight
 13016 | Bailey   | Killed an orc knight
 13730 | D:11     | Noticed a four-headed hydra
 13785 | D:11     | Noticed a two-headed ogre
 13795 | D:11     | Killed a two-headed ogre
 14171 | D:11     | Found a sacrificial altar of Ru.
 14602 | D:12     | Found a stormy altar of Qazlal.
 14656 | D:12     | Reached ***** piety under Dithmenos
 14699 | D:12     | Noticed a red ugly thing
 14706 | D:12     | Killed a red ugly thing
 14762 | D:12     | Noticed a death knight
 14877 | D:12     | Reached skill level 12 in Fighting
 15116 | D:12     | Found a staircase to the Orcish Mines.
 15315 | D:12     | Killed an unseen horror
 15758 | D:13     | Killed an unseen horror
 15846 | D:13     | Noticed an eight-headed hydra
 15855 | D:13     | Found a gate leading to a gauntlet.
 15871 | D:13     | Noticed a tengu warrior
 15893 | D:13     | Killed a tengu warrior
 15893 | D:13     | Reached XP level 12. HP: 70/103 MP: 12/12
 15965 | D:13     | Noticed a two-headed ogre
 15966 | D:13     | Found a gate to the Vaults.
 15966 | D:13     | Noticed a two-headed ogre
 15967 | D:13     | Noticed an ogre mage
 15980 | D:13     | Killed a two-headed ogre
 15987 | D:13     | Killed a two-headed ogre
 15998 | D:13     | Killed an ogre mage
 16000 | D:13     | Found the +15 Maxwell's patent armour {-Cast -Tele rElec
                  | MR+ rCorr}
 16197 | D:13     | Reached skill level 13 in Fighting
 17200 | D:14     | Found a stormy altar of Qazlal.
 17455 | D:15     | Entered Level 15 of the Dungeon
 17455 | D:15     | Noticed a centaur warrior
 17465 | D:15     | Killed a centaur warrior
 17495 | D:15     | Noticed a catoblepas
 17522 | D:15     | Killed a catoblepas
 17669 | D:15     | Noticed a centaur warrior
 17675 | D:15     | Killed a centaur warrior
 17751 | D:15     | Noticed a tengu warrior
 17777 | D:15     | Killed a tengu warrior
 17955 | D:15     | Noticed a vampire mage
 18164 | D:15     | Found a staircase to the Depths.
 19044 | D:15     | Killed a vampire mage
 19044 | D:15     | Gained mutation: You are surrounded by a strong repulsion
                  | field. (EV +4, RMsl) [demonic ancestry]
 19044 | D:15     | Reached XP level 13. HP: 71/112 MP: 13/13
 19708 | D:10     | Found a staircase to the Lair.
 19892 | Lair:1   | Entered Level 1 of the Lair of Beasts
 20049 | Lair:1   | Reached skill level 14 in Fighting
 20177 | Lair:1   | Learned a level 1 spell: Animate Skeleton
 20550 | Lair:1   | Reached skill level 1 in Necromancy
 21017 | Orc:1    | Entered Level 1 of the Orcish Mines
 21091 | Orc:1    | Reached skill level 1 in Spellcasting
 21118 | Orc:1    | Reached skill level 1 in Translocations
 21616 | Orc:2    | Entered Level 2 of the Orcish Mines
 21616 | Orc:2    | Found a staircase to the Elven Halls.
 21634 | Orc:2    | Noticed a stone giant
 21822 | Orc:1    | Killed a stone giant
 22275 | Orc:2    | Found a roughly hewn altar of Beogh.
 22370 | Orc:2    | Reached ****** piety under Dithmenos
 22466 | Orc:2    | Found Eggas's Gadget Boutique.
 22466 | Orc:2    | Found Fodawk's General Store.
 22475 | Orc:2    | Bought a potion of lignification for 45 gold pieces
 22475 | Orc:2    | Bought a potion of might for 60 gold pieces
 22475 | Orc:2    | Bought a scroll of teleportation for 45 gold pieces
 22728 | Orc:2    | Found Utit's Antique Weapon Emporium.
 22728 | Orc:2    | Found Damaoc's Gadget Boutique.
 22907 | Orc:2    | Found a roughly hewn altar of Beogh.
 23153 | Orc:1    | Found a roughly hewn altar of Beogh.
 23264 | Orc:1    | Found a runed translucent door.
 23363 | Orc:1    | Reached skill level 10 in Long Blades
 23717 | Orc:1    | Found a roughly hewn altar of Beogh.
 23817 | Elf:1    | Entered Level 1 of the Elven Halls
 24014 | Elf:1    | Found a radiant altar of Vehumet.
 24385 | Elf:1    | Reached skill level 15 in Fighting
 24408 | Elf:1    | Reached XP level 14. HP: 100/123 MP: 17/17
 25081 | Elf:1    | Noticed Azrael
 25093 | Elf:1    | Killed Azrael
 25497 | Elf:1    | Identified the cursed +1 chain mail "Lalupari" {rElec} (You
                  | found it on level 1 of the Elven Halls)
 25563 | Elf:1    | Noticed a Brimstone Fiend
 25564 | Elf:1    | Noticed a Hell Sentinel
 25604 | Elf:1    | Noticed an Executioner
 26658 | Elf:2    | Found Fittub's Jewellery Boutique.
 26682 | Elf:2    | Bought a cursed ring of attention for 63 gold pieces
 26685 | Elf:2    | Bought the ring of Coblaih {+Blink +Fly rPois rF+ Dex-2
                  | SInv} for 634 gold pieces
 27175 | Elf:2    | Found Zupytuz's Magic Scroll Boutique.
 27189 | Elf:2    | Bought a scroll of acquirement for 624 gold pieces
 27189 | Elf:2    | Acquired a +3 demon blade of venom
 27190 | Elf:2    | Acquired 1270 gold pieces
 27445 | Elf:2    | Found Sugering's General Store.
 27459 | Elf:2    | Found Lohimmul's Jewellery Shop.
 27616 | Elf:2    | Reached skill level 16 in Fighting
 27668 | Elf:2    | Found a runed translucent gate.
 27668 | Elf:2    | Found a runed translucent gate.
 27668 | Elf:2    | Found a runed translucent gate.
 27715 | Elf:2    | Bought a scroll of enchant weapon for 90 gold pieces
 28011 | Elf:2    | Found a radiant altar of Vehumet.
 28047 | Elf:2    | Found Xano's Weapon Shop.
 28139 | Elf:2    | Reached skill level 15 in Dodging
 28254 | Elf:2    | Reached XP level 15. HP: 85/131 MP: 4/18
 28475 | Elf:2    | Noticed a deep elf blademaster
 28489 | Elf:2    | Killed a deep elf blademaster
 29060 | Elf:2    | Annihilated by a +2 bardiche of holy wrath

Illustrated notes

Levels and vault maps discovered:
D:1:      lemuel_arrival_behind_the_door_large, layout_basic, minmay_ruptured
D:2:      layout_rooms
D:3:      layout_loops_corners
D:4:      layout_layer_cave, chequers_temple_overflow_minitemple,
          ebering_ghost_sewer_d, fedhas_ov_isle_minmay
D:5:      layout_loops_cross, grunt_temple_overflow_order_and_chaos_2,
          cheibrodos_sewer_entry_bend, uniq_pikel
D:6:      layout_loops_cross, minmay_temple_entry_glass
D:7:      layout_cave_pools, cheibrodos_ashenzari_chains
D:8:      layout_cave_pools, eat_drink_and_be_merry_uskayaw
D:9:      layout_roguey, overflow_temple_1_default,
          lemuel_coloured_pillars_altar, marbit_many_paths, uniq_joseph
D:10:     layout_layer_cave, erik_lair_dragon, minmay_ruined_shrine
D:11:     layout_loops_ring, enter_bailey_3, hangedman_abyss_or_decor_slice,
          nicolae_ru_path_of_blood
D:12:     layout_loops_corners, erik_orc_1, chequers_decorated_corner,
          minivault_27, grunt_qazlal_sundering
D:13:     layout_small_grid, david_vaults_2, gauntlet_entry_generic
D:14:     layout_gridville, lemuel_crystal_altar
D:15:     gammafunk_depths_entry_grave, layout_loops_ring,
          hangedman_decor_opposing
Temple:   jpeg_temple_alley_garden
Lair:1:   layout_regular_city, st_stairs_10
Orc:1:    layout_caves, basic_altar, lightli_church_of_beogh
Orc:2:    st_orc_town, layout_diamond_mine, minmay_orc_temple_a
Elf:1:    eino_elf_arrival_altar, layout_loops_ring, hangedman_corner_corridor,
          uniq_azrael
Elf:2:    layout_gridlike, serial_shops, shop, shop_statue, shop,
          nicolae_shop_statue_plus, nicolae_shop_stone, lemuel_statue_altar

Skill      XL: |  1  2  3  4  5  6  7  8  9 10 11 12 13 14 |
---------------+-------------------------------------------+-----
Long Blades    | 2 3 4 5 6 7 8 9 10 11 | 11.3
Dodging        | 2 3 4 5 6 8 10 11 12 13 15 | 15.3
Fighting       | 4 5 6 7 9 11 12 13 15 16 | 16.5
Stealth        | 5 |  5.0
Necromancy     | 2 |  2.0
Spellcasting   | 2 |  2.0
Translocations | 2 |  2.0

Action                   |  1- 3 |  4- 6 |  7- 9 | 10-12 | 13-15 || total
-------------------------+-------+-------+-------+-------+-------++-------
Melee: Falchion          |    55 |    90 |   410 |       |       ||   555
       Kick              |       |       |   117 |   110 |       ||   227
       Scimitar          |       |       |       |   478 |   414 ||   892
       Long sword        |       |       |       |    73 |       ||    73
       Great sword       |       |       |       |       |   221 ||   221
       Demon blade       |       |       |       |       |   156 ||   156
Throw: Boomerang         |       |       |       |     9 |    23 ||    32
 Cast: Apportation       |       |       |     2 |    14 |       ||    16
       Animate Skeleton  |       |       |       |       |     3 ||     3
Evoke: Wand              |       |       |       |    13 |    13 ||    26
  Use: Scroll            |     2 |     1 |     6 |     9 |    10 ||    28
       Potion            |     2 |       |     5 |     1 |     5 ||    13
 Stab: Sleeping          |       |     3 |    31 |    32 |    27 ||    93
       Distracted        |       |       |     1 |     2 |     4 ||     7
Armor: Leather armour    |    12 |     6 |    37 |    91 |    67 ||   213
       Skin              |       |       |       |       |    12 ||    12
Dodge: Dodged            |    38 |    65 |   342 |   648 |   648 ||  1741
       Repelled          |       |       |       |       |    14 ||    14
Block: Other             |       |       |       |    11 |   141 ||   152
       Reflection        |       |       |       |       |    13 ||    13
       Rpst.: Falchion   |    17 |    20 |    97 |       |       ||   134
       Scimitar          |       |       |       |   131 |    82 ||   213
       Long sword        |       |       |       |    22 |       ||    22
       Great sword       |       |       |       |       |    49 ||    49
       Demon blade       |       |       |       |       |    26 ||    26

Table legend: (Time is in decaauts)
 A = Elapsed time spent in this place.
 B = Non-inter-level travel time spent in this place.
 C = Inter-level travel time spent in this place.
 D = Time resting spent in this place.
 E = Time spent auto-exploring this place.
 F = Levels seen in this place.
 G = Mean time per level.
                   A        B        C        D        E       F      G
               +--------+--------+--------+--------+--------+-----+--------+
         Total |  29164 |  27627 |   1537 |   9937 |  10562 |  23 | 1268.0 |
       Dungeon |  17912 |  16729 |   1183 |   4631 |   7968 |  15 | 1194.1 |
        Temple |    247 |    167 |     80 |      0 |    160 |   1 |  247.0 |
          Lair |    973 |    908 |     65 |    244 |    505 |   1 |  973.0 |
  Orcish Mines |   2825 |   2713 |    112 |   1111 |    837 |   2 | 1412.5 |
   Elven Halls |   5190 |   5095 |     95 |   3012 |    907 |   2 | 2595.0 |
         Sewer |   1099 |   1099 |      0 |    547 |     92 |   1 | 1099.0 |
        Bailey |    916 |    916 |      0 |    392 |     92 |   1 |  916.0 |
               +--------+--------+--------+--------+--------+-----+--------+

Top non-repeatable levels by time:
   Elf:1: 2848 daAuts
   Elf:2: 2341 daAuts
    D:10: 2241 daAuts
     D:4: 1816 daAuts
     D:5: 1770 daAuts
    D:15: 1557 daAuts
     D:3: 1537 daAuts
   Orc:1: 1442 daAuts
   Orc:2: 1383 daAuts
    D:12: 1305 daAuts
    D:14: 1129 daAuts
   Sewer: 1099 daAuts
     D:7: 1078 daAuts
    D:11: 1040 daAuts
     D:6: 1009 daAuts
